 Dungeon Sprint DCSS version 0.17-a0-1515-gfae3d72 (webtiles) character file.

60645 Kidiri the Imperceptible (level 13, -8/55 HPs)
             Began as a Spriggan Enchanter on July 12, 2015.
             Was the Champion of Dithmenos.
             Mangled by a deep elf blademaster (24 damage)
             ... in the Dungeon (Sprint III: "The Ten Rune Challenge").
             The game lasted 00:39:00 (4144 turns).

Kidiri the Imperceptible (Spriggan Enchanter)       Turns: 4144, Time: 00:39:00

Health: -8/55      AC:  6    Str:  3 (4)  XL:     13   Next: 32%
Magic:  30/35      EV: 35    Int: 18 (19) God:    Dithmenos [******]
Gold:   1879       SH:  0    Dex: 19      Spells: 8 memorised, 26 levels left

rFire  . . .     SeeInvis +     t - +2 dagger (venom)
rCold  . . .     Clarity  .     a - +2 robe {Archmagi}
rNeg   . . .     SustAt   .     (shield restricted)
rPois  .         Gourm    .     (helmet restricted)
rElec  .         Spirit   .     (no cloak)
rCorr  .         Warding  .     (gloves unavailable)
rMut   .         NoTele   +     (boots unavailable)
MR     ++...                    (no amulet)
Stlth  ++++++++++               (no ring)
                                (no ring)

@: wreathed by umbra, very quick, very resistant to hostile enchantments,
uncannily stealthy
A: unfitting armour, repulsion field 2, thin metallic scales 1, see invisible,
deterioration 1, herbivore 3, speed 3, slow metabolism 2, wild magic 1
a: Shadow Step, Shadow Form, Renounce Religion
}: 2/10 runes: decaying, barnacled


You were in the Dungeon.
You worshipped Dithmenos.
Dithmenos was exalted by your worship.
You were full.

You visited 1 branch You collected 1879 gold pieces.

Inventory:

Hand weapons
 j - a +0 hand axe
 t - a +2 dagger of venom (weapon)
Armour
 a - a +2 robe of the Archmagi (worn)
Magical devices
 f - a wand of slowing (29)
 s - a wand of enslavement (12)
Scrolls
 l - 2 scrolls of holy word {unknown}
 n - 2 scrolls of immolation {unknown}
Potions
 g - a potion of haste
 h - 2 potions of magic
 i - a potion of berserk rage
 m - 2 potions of might
 o - a potion of lignification
 p - 2 potions of flight
 r - a potion of cure mutation
Books
 c - a book of Maledictions

   Spells                             Type                      Level
   a - Corona                         Hexes                        1
   b - Ensorcelled Hibernation        Hexes/Ice                    2
   c - Confuse                        Hexes                        3
   d - Tukima's Dance                 Hexes                        3
   e - Dazzling Spray                 Conjuration/Hexes            3
 k - a book of Battle

   Spells                             Type                      Level
   a - Infusion                       Charms                       1
   b - Shroud of Golubria             Charms/Translocation         2
   c - Song of Slaying                Charms                       2
   d - Spectral Weapon                Hexes/Charms                 3
   e - Regeneration                   Charms/Necromancy            3
Comestibles
 b - 9 fruits
 d - 2 bread rations
 q - 26 royal jellies


   Skills:
 + Level 11.9 Short Blades
 + Level 15.2 Dodging
 * Level 22.0 Stealth
 * Level 17.2 Spellcasting
 + Level 8.3 Conjurations
 + Level 13.4 Hexes
 + Level 13.3 Charms
 + Level 9.2 Necromancy
 + Level 13.4 Translocations
 + Level 9.3 Ice Magic
 - Level 3.5 Invocations


You had 26 spell levels left.
You knew the following spells:

 Your Spells              Type           Power        Failure   Level  Hunger
a - Corona                Hex            #######      1%          1    None
b - Ensorcelled Hibernat  Hex/Ice        ######       1%          2    None
c - Confuse               Hex            #######.     1%          3    None
d - Tukima's Dance        Hex            #######.     1%          3    None
e - Dazzling Spray        Conj/Hex       #######.     1%          3    None
f - Shroud of Golubria    Chrm/Tloc      #######...   1%          2    None
g - Spectral Weapon       Hex/Chrm       #######.     1%          3    None
h - Regeneration          Chrm/Necr      #######...   1%          3    None


Dungeon Overview and Level Annotations

Branches:
Dungeon (1/1)

Altars:
Cheibriados
Dithmenos
Elyvilon
Fedhas
Gozag
Kikubaaqudgha
Makhleb
Nemelex Xobeh
Okawaru
Qazlal
Ru
Sif Muna
Trog
Vehumet
Xom
Yredelemnul
Zin
The Shining One
Jiyva
Lugonu

Shops:
D (:%::![

Annotations:
D exclusion: orange crystal statue


Innate Abilities, Weirdness & Mutations

You are tiny and cannot use many weapons and most armour.
You have supernaturally acute eyesight.
You are a herbivore.
You cover ground extremely quickly.
You need consume almost no food.
You are surrounded by a moderate repulsion field (EV +3).
You are partially covered in thin metallic scales (AC +2).
Your body sometimes deteriorates upon taking damage.
Your spells are a little harder to cast, but a little more powerful.


Message History

Confirm with . or Enter, or press ? or * to list all spells.
Okay, then.
Unknown command.
There is an open door, spattered with blood here.
Items here: )) [[ a glaive of venom; a plate armour; a whip of flaming; a scale mail You start resting.
Casting: Dazzling Spray
Confirm with . or Enter, or press ? or * to list all spells.
Aiming: Dazzling Spray
Press: ? - help, Shift-Dir - straight line, f/p - deep elf blademaster
Aim: a deep elf blademaster, wearing a runed chain mail and wearing a transparent copper amulet (lightly wounded, umbra)
You feel a surge of power!
The spray of energy hits the deep elf blademaster.
The deep elf blademaster is lightly wounded.
The deep elf blademaster is dazzled.
You are too injured to fight recklessly!
You are too injured to fight recklessly!
The deep elf blademaster hits you!!
You die...

♣ ♣..#)..#..)#._#...).....##.#...
♣♣♣..###+#+###+##..).....###.#...
..♣..#..........#..)......##)#.§§
♣♣♣♣.'.⌠......).#)..####.###.'...
≈≈.♣.#...######)#)### ##..######
≈....#.⌠.#__#..)#)###############
.....#...#__#...#..≈§≈+.#.+...+.#
.....#+###__#...#.#§§§#.#.#...##.
.....#.))#__#...@.#[..#.#.#)..#.#
.....#___#_.'...#e#.§.#...#)).##.
▓▓▓▓▓▓▓▓▓▓▓▓▓▓▓▓▓▓▓▓▓▓▓▓▓▓▓▓▓▓#.#
≈≈♣♣.....♣♣♣♣≈≈≈........≈≈≈...##.
≈≈♣♣.≈≈≈≈+♣♣+♣≈≈≈≈≈≈≈≈≈≈≈≈♣♣P.+.#
≈≈≈+.....#.≈♣♣♣♣♣♣♣♣♣♣♣♣♣♣♣♣PP##(
≈≈♣♣♣♣♣♣♣#..♣♣ ♣♣♣##) ≈≈♣
###+♣♣♣♣♣♣♣♣♣♣♣♣♣♣♣ #.. ####♣
♣♣♣♣.##..##≈≈≈≈≈≈..# #..


You could see a deep elf blademaster (blind).

Vanquished Creatures
  Rupert (D)
  Polyphemus (D)
  Dowan (D)
  Ilsuiw (D)
  Maud (D)
  2 deep elf demonologists (D)
  A merfolk javelineer (D)
  Josephine (D)
  An ice dragon (D)
  3 hydras (D)
  A centaur warrior (D)
  4 death yaks (D)
  2 deep elf knights (D)
  A sea snake (D)
  An unseen horror (D)
  A spriggan druid (D)
  A death drake (D)
  A deep elf summoner (D)
  A lindwurm (D)
  An orc sorcerer (D)
  A deep elf conjurer (D)
  2 black mambas (D)
  2 spiny frogs (D)
  Duvessa (D)
  A fire drake (D)
  A queen bee (D)
  A komodo dragon (D)
  2 deep elf priests (D)
  3 wandering mushrooms (D)
  4 spriggan defenders (D)
  4 orc high priests (D)
  8 blink frogs (D)
  3 redbacks (D)
  A shadow (D)
  2 spriggans (D)
  A hydra simulacrum (D)
  A spatial vortex (D)
  A swamp drake (D)
  3 orc warriors (D)
  A necrophage (D)
  An earth elemental (D)
  2 centaurs (D)
  2 brain worms (D)
  A water elemental (D)
  A scorpion (D)
  32 killer bees (D)
  A jelly (D)
  2 orc wizards (D)
  2 orc priests (D)
  A necromancer (D)
  A wizard (D)
  3 sheep (D)
  3 humans (D)
  A kobold demonologist (D)
  2 oozes (D)
  2 swamp drake simulacra (D)
  10 orcs (D)
  2 rats (D)
  4 plants (D)
143 creatures vanquished.

Vanquished Creatures (others)
  2 draconian scorchers (D)
  2 yaktaurs (D)
  An electric eel (D)
  9 plants (D)
14 creatures vanquished.

Grand Total: 157 creatures vanquished

Notes
Turn   | Place    | Note
--------------------------------------------------------------
     0 | D        | Kidiri the Spriggan Enchanter began the quest for the Orb.
     0 | D        | Reached XP level 1. HP: 9/9 MP: 5/5
     4 | D        | Reached skill level 5 in Stealth
     7 | D        | Reached skill level 6 in Stealth
     7 | D        | Reached XP level 2. HP: 13/13 MP: 7/7
    11 | D        | Learned a level 2 spell: Ensorcelled Hibernation
    39 | D        | Noticed a scorpion
    45 | D        | Killed a scorpion
    45 | D        | Reached skill level 5 in Dodging
    45 | D        | Reached skill level 8 in Stealth
    45 | D        | Reached skill level 5 in Hexes
    45 | D        | Reached skill level 1 in Ice Magic
    45 | D        | Reached XP level 3. HP: 16/16 MP: 5/9
    50 | D        | Learned a level 3 spell: Confuse
    54 | D        | Learned a level 3 spell: Tukima's Dance
   100 | D        | Gained mutation: You are surrounded by a mild repulsion field (EV +2). [potion of mutation]
   100 | D        | Gained mutation: You are surrounded by a moderate repulsion field (EV +3). [potion of mutation]
   101 | D        | Gained mutation: You are partially covered in thin metallic scales (AC +2). [potion of mutation]
   101 | D        | Gained mutation: Your body sometimes deteriorates upon taking damage. [potion of mutation]
   101 | D        | Gained mutation: Your spells are a little harder to cast, but a little more powerful. [potion of mutation]
   124 | D        | Reached XP level 4. HP: 21/21 MP: 9/11
   129 | D        | Learned a level 3 spell: Dazzling Spray
   147 | D        | Noticed a water elemental
   150 | D        | Killed a water elemental
   150 | D        | Reached skill level 9 in Stealth
   150 | D        | Reached skill level 5 in Spellcasting
   150 | D        | Reached skill level 1 in Conjurations
   150 | D        | Reached XP level 5. HP: 24/24 MP: 12/14
   159 | D        | Noticed a jelly
   160 | D        | Noticed a shadow
   162 | D        | Killed a shadow
   162 | D        | Reached skill level 10 in Stealth
   162 | D        | Reached XP level 6. HP: 28/28 MP: 14/17
   167 | D        | Killed a jelly
   167 | D        | Reached skill level 5 in Short Blades
   167 | D        | Reached skill level 11 in Stealth
   218 | D        | Killed a yaktaur
   224 | D        | Found a stormy altar of Qazlal.
   225 | D        | Found a sacrificial altar of Ru.
   225 | D        | Found a burning altar of Makhleb.
   225 | D        | Found a viscous altar of Jiyva.
   225 | D        | Found a shimmering altar of Xom.
   225 | D        | Found a shadowy altar of Dithmenos.
   225 | D        | Found a sparkling altar of Nemelex Xobeh.
   225 | D        | Found a corrupted altar of Lugonu.
   225 | D        | Found an opulent altar of Gozag.
   225 | D        | Noticed a spatial vortex
   227 | D        | Killed a spatial vortex
   230 | D        | Became a worshipper of Dithmenos the Shadowed
   255 | D        | Found a radiant altar of Vehumet.
   256 | D        | Found a deep blue altar of Sif Muna.
   256 | D        | Found an ancient bone altar of Kikubaaqudgha.
   256 | D        | Noticed a wizard
   257 | D        | Killed a wizard
   259 | D        | Reached skill level 12 in Stealth
   267 | D        | Learned a level 2 spell: Shroud of Golubria
   271 | D        | Learned a level 3 spell: Spectral Weapon
   275 | D        | Learned a level 3 spell: Regeneration
   285 | D        | Found a glowing silver altar of Zin.
   286 | D        | Found a glowing golden altar of the Shining One.
   286 | D        | Found a white marble altar of Elyvilon.
   286 | D        | Noticed a deep elf priest
   288 | D        | Killed a deep elf priest
   288 | D        | Reached skill level 1 in Necromancy
   288 | D        | Reached skill level 1 in Invocations
   288 | D        | Reached XP level 7. HP: 32/32 MP: 18/20
   296 | D        | Found an iron altar of Okawaru.
   296 | D        | Found a bloodstained altar of Trog.
   296 | D        | Noticed a human
   296 | D        | Noticed a human
   301 | D        | Killed a human
   303 | D        | Killed a human
   303 | D        | Reached skill level 13 in Stealth
   338 | D        | Killed a white draconian scorcher
   372 | D        | Killed a white draconian scorcher
   466 | D        | Found a basalt altar of Yredelemnul.
   466 | D        | Found a snail-covered altar of Cheibriados.
   466 | D        | Found a blossoming altar of Fedhas.
   466 | D        | Noticed a necrophage
   466 | D        | Noticed a necromancer
   468 | D        | Killed a necrophage
   468 | D        | Acquired Dithmenos's first power
   468 | D        | Reached XP level 8. HP: 36/36 MP: 20/22
   469 | D        | Killed a necromancer
   503 | D        | Noticed Josephine
   507 | D        | Killed Josephine
   507 | D        | Reached skill level 14 in Stealth
   507 | D        | Reached skill level 10 in Spellcasting
   507 | D        | Reached skill level 5 in Charms
   525 | D        | Noticed an earth elemental
   528 | D        | Killed an earth elemental
   528 | D        | Reached skill level 5 in Translocations
   528 | D        | Reached skill level 5 in Ice Magic
   535 | D        | Noticed a centaur
   535 | D        | Noticed a centaur warrior
   535 | D        | Noticed a centaur
   537 | D        | Killed a centaur
   537 | D        | Reached XP level 9. HP: 39/39 MP: 24/24
   539 | D        | Killed a centaur warrior
   539 | D        | Acquired Dithmenos's second power
   539 | D        | Reached skill level 10 in Dodging
   542 | D        | Killed a centaur
   542 | D        | Reached skill level 15 in Stealth
   561 | D        | Noticed an unseen horror
   563 | D        | Killed an unseen horror
   573 | D        | Noticed a killer bee
   573 | D        | Noticed a killer bee
   573 | D        | Noticed a killer bee
   573 | D        | Noticed a queen bee
   573 | D        | Noticed a killer bee
   573 | D        | Noticed a killer bee
   573 | D        | Noticed a killer bee
   573 | D        | Noticed a killer bee
   573 | D        | Noticed a killer bee
   573 | D        | Noticed a killer bee
   573 | D        | Noticed a killer bee
   573 | D        | Noticed a killer bee
   573 | D        | Noticed a killer bee
   573 | D        | Noticed a killer bee
   573 | D        | Noticed a killer bee
   574 | D        | Noticed a killer bee
   574 | D        | Noticed a killer bee
   574 | D        | Noticed a killer bee
   574 | D        | Noticed a killer bee
   574 | D        | Noticed a killer bee
   574 | D        | Noticed a killer bee
   574 | D        | Noticed a killer bee
   574 | D        | Noticed a killer bee
   574 | D        | Noticed a killer bee
   574 | D        | Noticed a killer bee
   574 | D        | Noticed a killer bee
   574 | D        | Noticed a killer bee
   574 | D        | Noticed a killer bee
   574 | D        | Noticed a killer bee
   574 | D        | Noticed a killer bee
   574 | D        | Noticed a killer bee
   574 | D        | Noticed a killer bee
   574 | D        | Noticed a killer bee
   576 | D        | Killed a queen bee
   585 | D        | Killed a killer bee
   585 | D        | Acquired Dithmenos's third power
   587 | D        | Killed a killer bee
   589 | D        | Killed a killer bee
   591 | D        | Killed a killer bee
   595 | D        | Killed a killer bee
   597 | D        | Killed a killer bee
   599 | D        | Killed a killer bee
   599 | D        | Acquired Dithmenos's fourth power
   601 | D        | Killed a killer bee
   603 | D        | Killed a killer bee
   605 | D        | Killed a killer bee
   605 | D        | Reached XP level 10. HP: 20/44 MP: 2/26
   804 | D        | Killed an electric eel
   825 | D        | Killed a killer bee
   827 | D        | Killed a killer bee
   829 | D        | Killed a killer bee
   833 | D        | Killed a killer bee
   837 | D        | Killed a killer bee
   839 | D        | Killed a killer bee
   841 | D        | Killed a killer bee
   841 | D        | Reached skill level 16 in Stealth
   843 | D        | Killed a killer bee
   845 | D        | Killed a killer bee
   845 | D        | Reached skill level 5 in Conjurations
   847 | D        | Killed a killer bee
   849 | D        | Killed a killer bee
   851 | D        | Killed a killer bee
   853 | D        | Killed a killer bee
   855 | D        | Killed a killer bee
   855 | D        | Reached skill level 5 in Necromancy
   862 | D        | Killed a killer bee
   868 | D        | Killed a killer bee
  1152 | D        | Killed a killer bee
  1155 | D        | Killed a killer bee
  1158 | D        | Killed a killer bee
  1162 | D        | Killed a killer bee
  1164 | D        | Killed a killer bee
  1166 | D        | Killed a killer bee
  1241 | D        | Noticed Dowan
  1241 | D        | Noticed Duvessa
  1251 | D        | Killed Dowan
  1251 | D        | Reached skill level 17 in Stealth
  1251 | D        | Reached skill level 10 in Hexes
  1271 | D        | Killed Duvessa
  1338 | D        | Noticed an orc priest
  1338 | D        | Noticed an orc high priest
  1339 | D        | Noticed an orc high priest
  1339 | D        | Noticed an orc priest
  1340 | D        | Killed an orc priest
  1341 | D        | Killed an orc high priest
  1343 | D        | Killed an orc priest
  1344 | D        | Killed an orc high priest
  1401 | D        | Noticed an orange crystal statue
  1405 | D        | Noticed a spriggan defender
  1406 | D        | Noticed a spriggan defender
  1406 | D        | Noticed a spriggan defender
  1406 | D        | Noticed a spriggan defender
  1409 | D        | Killed a spriggan defender
  1443 | D        | Killed a spriggan defender
  1446 | D        | Killed a spriggan defender
  1555 | D        | Killed a spriggan defender
  1555 | D        | Reached XP level 11. HP: 47/47 MP: 24/29
  1661 | D        | Noticed a yaktaur
  1661 | D        | Noticed a yaktaur
  1661 | D        | Noticed a yaktaur captain
  1670 | D        | Noticed a wandering mushroom
  1671 | D        | Noticed a wandering mushroom
  1671 | D        | Noticed a wandering mushroom
  1672 | D        | Killed a wandering mushroom
  1674 | D        | Killed a wandering mushroom
  1675 | D        | Killed a wandering mushroom
  1712 | D        | Noticed a spiny frog
  1712 | D        | Noticed a komodo dragon
  1712 | D        | Noticed a spiny frog
  1715 | D        | Killed a komodo dragon
  1718 | D        | Killed a spiny frog
  1720 | D        | Killed a spiny frog
  1720 | D        | Reached skill level 18 in Stealth
  1722 | D        | Noticed a redback
  1724 | D        | Killed a redback
  1725 | D        | Noticed a brain worm
  1728 | D        | Killed a brain worm
  1740 | D        | Noticed a brain worm
  1742 | D        | Killed a brain worm
  1745 | D        | Noticed a lindwurm
  1747 | D        | Noticed a redback
  1748 | D        | Killed a lindwurm
  1750 | D        | Killed a redback
  1755 | D        | Noticed a redback
  1756 | D        | Killed a redback
  1757 | D        | Noticed Maud
  1759 | D        | Killed Maud
  1759 | D        | Reached skill level 10 in Charms
  1759 | D        | Reached skill level 10 in Translocations
  1776 | D        | Noticed a four-headed hydra
  1776 | D        | Noticed a five-headed hydra
  1778 | D        | Killed a four-headed hydra
  1779 | D        | Killed a five-headed hydra
  1779 | D        | Reached skill level 10 in Short Blades
  1794 | D        | Noticed a death drake
  1797 | D        | Killed a death drake
  1797 | D        | Reached skill level 19 in Stealth
  1807 | D        | Found a blossoming altar of Fedhas.
  1807 | D        | Noticed a spriggan
  1807 | D        | Noticed a spriggan druid
  1807 | D        | Noticed a spriggan
  1809 | D        | Killed a spriggan druid
  1810 | D        | Killed a spriggan
  1811 | D        | Killed a spriggan
  1836 | D        | Noticed an ice dragon
  1844 | D        | Killed an ice dragon
  1901 | D        | Found Hengu's Book Emporium.
  1901 | D        | Found Widwaeq's Distillery.
  1910 | D        | Found Tevvoroc's Antique Armour Shoppe.
  2017 | D        | Noticed a five-headed hydra
  2017 | D        | Noticed an eight-headed hydra simulacrum
  2019 | D        | Killed a five-headed hydra
  2019 | D        | Reached skill level 15 in Spellcasting
  2019 | D        | Reached XP level 12. HP: 51/51 MP: 26/32
  2026 | D        | Killed an eight-headed hydra simulacrum
  2030 | D        | Got a decaying rune of Zot
  2297 | D        | Noticed a swamp drake
  2297 | D        | Noticed a fire drake
  2298 | D        | Killed a fire drake
  2300 | D        | Killed a swamp drake
  2306 | D        | Noticed a blink frog
  2306 | D        | Noticed a blink frog
  2306 | D        | Noticed a blink frog
  2308 | D        | Noticed a blink frog
  2309 | D        | Killed a blink frog
  2314 | D        | Killed a blink frog
  2315 | D        | Noticed a blink frog
  2317 | D        | Killed a blink frog
  2319 | D        | Killed a blink frog
  2321 | D        | Killed a blink frog
  2370 | D        | Noticed Rupert
  2391 | D        | Killed Rupert
  2391 | D        | Reached skill level 20 in Stealth
  2411 | D        | Noticed a death yak
  2412 | D        | Noticed a blink frog
  2412 | D        | Noticed a death yak
  2413 | D        | Noticed a death yak
  2413 | D        | Noticed a blink frog
  2418 | D        | Noticed a death yak
  2420 | D        | Noticed a blink frog
  2420 | D        | Killed a death yak
  2428 | D        | Killed a death yak
  2546 | D        | Noticed a black mamba
  2548 | D        | Killed a blink frog
  2550 | D        | Killed a blink frog
  2560 | D        | Killed a death yak
  2568 | D        | Killed a death yak
  2570 | D        | Killed a black mamba
  2575 | D        | Noticed a black mamba
  2578 | D        | Killed a blink frog
  2582 | D        | Killed a black mamba
  2729 | D        | Noticed an azure jelly
  2729 | D        | Noticed an azure jelly
  2790 | D        | Noticed Polyphemus
  2792 | D        | Noticed Ilsuiw
  2793 | D        | Killed Polyphemus
  2799 | D        | Killed Ilsuiw
  2799 | D        | Reached skill level 21 in Stealth
  2807 | D        | Killed a yaktaur
  2808 | D        | Found Soaps's Antique Weapon Shoppe.
  2808 | D        | Found Enicziusch's Book Boutique.
  2808 | D        | Found Moku's Food Emporium.
  2808 | D        | Noticed a sea snake
  2808 | D        | Noticed a merfolk javelineer
  2810 | D        | Killed a sea snake
  2816 | D        | Killed a merfolk javelineer
  2816 | D        | Reached XP level 13. HP: 55/55 MP: 20/34
  2827 | D        | Got a barnacled rune of Zot
  2979 | D        | Found Ifuebb's Book Shoppe.
  2980 | D        | Noticed an orc high priest
  2980 | D        | Noticed an orc wizard
  2980 | D        | Noticed an orc high priest
  2980 | D        | Noticed an orc warrior
  2980 | D        | Noticed an orc wizard
  2980 | D        | Noticed an orc warrior
  2980 | D        | Noticed an orc warrior
  2980 | D        | Noticed an orc sorcerer
  2981 | D        | Killed an orc wizard
  2996 | D        | Killed an orc warrior
  3012 | D        | Killed an orc wizard
  3014 | D        | Killed an orc sorcerer
  3038 | D        | Killed an orc high priest
  3105 | D        | Killed an orc high priest
  3221 | D        | Killed an orc warrior
  3225 | D        | Killed an orc warrior
  3515 | D        | Noticed a deep elf conjurer
  3515 | D        | Noticed a deep elf summoner
  3515 | D        | Noticed a deep elf priest
  3515 | D        | Noticed a deep elf knight
  3515 | D        | Noticed a deep elf knight
  3529 | D        | Killed a deep elf knight
  3535 | D        | Killed a deep elf knight
  3630 | D        | Killed a deep elf summoner
  3630 | D        | Reached skill level 15 in Dodging
  3636 | D        | Killed a deep elf priest
  3747 | D        | Killed a deep elf conjurer
  3938 | D        | Noticed a deep elf demonologist
  3943 | D        | Noticed a deep elf demonologist
  3943 | D        | Noticed a deep elf death mage
  3945 | D        | Killed a deep elf demonologist
  3946 | D        | Noticed a deep elf blademaster
  3952 | D        | Killed a deep elf demonologist
  3952 | D        | Reached skill level 22 in Stealth
  4050 | D        | HP: 1/55 [deep elf blademaster (13)]
  4144 | D        | Mangled by a deep elf blademaster

Vault maps used:
D:        dungeon_sprint_mu

Action                   |  1- 3 |  4- 6 |  7- 9 | 10-12 | 13-15 || total
-------------------------+-------+-------+-------+-------+-------++-------
Melee: Dagger            |     6 |     9 |    28 |   214 |    97 ||   354
 Cast: Ensorcelled Hiber |     1 |     1 |    14 |    35 |    24 ||    75
       Dazzling Spray    |       |       |     4 |    24 |    35 ||    63
       Spectral Weapon   |       |       |     1 |     1 |       ||     2
       Shroud of Golubri |       |       |       |     2 |       ||     2
       Confuse           |       |       |       |     6 |     8 ||    14
       Corona            |       |       |       |       |     1 ||     1
Invok: Shadow Step       |       |       |       |    16 |     1 ||    17
  Use: Scroll            |     4 |       |       |     1 |       ||     5
       Potion            |     2 |       |       |     1 |     2 ||     5
 Stab: Sleeping          |     5 |     7 |    18 |    65 |     8 ||   103
       Invisible         |       |       |     1 |     9 |     6 ||    16
       Confused          |       |       |       |     8 |       ||     8
  Eat: Royal jelly       |       |       |       |       |     3 ||     3
